[Event "Early-Titled-Tuesday-Blitz-October-17-2023"]
[Site "Chess.com"]
[Date "2023.10.17"]
[Round "6"]
[White "Aswathchess"]
[Black "MikaelyanArman"]
[Result "0-1"]
[WhiteElo "2654"]
[BlackElo "2862"]
[TimeControl "180+1"]
[EndTime "9:12:03 PDT"]
[Termination "MikaelyanArman won by resignation"]

1. d4 Nf6 2. c4 d6 3. Nf3 g6 4. Nc3 Bf5 5. g3 Bg7 6. Bg2 Ne4 7. Qb3 Nxc3 8. bxc3 Be4 9. O-O O-O 10. h4 c5 11. Be3 Nd7 12. h5 b6 13. Rad1 Qc7 14. Bg5 Nf6 15. h6 Bh8 16. d5 Qd7 17. Nd2 Bxg2 18.
Kxg2 Ng4 19. Qc2 Bf6 20. Nf3 Rfe8 21. Rh1 Bxg5 22. Nxg5 Ne5 23. Rh4 b5 24. cxb5 Qxb5 25. c4 Qd7 26. Qe4 Rab8 27. f4 Ng4 28. Qf3 Nf6 29.
Rd2 Qa4 30. Qc3 Qb4 31. Qd3 Qb1 32. Qc3 Rb4 33. Rh1 Qf5 34. e4 Qg4 35. Rh4 Qc8 36.
e5 Qf5 37. exf6 exf6 38. Nf3 Rb1 39. Rh1 Rxh1 40. Kxh1 Qh3+ 41. Kg1 Qxg3+ 42. Kf1 Re1+ 43. Nxe1 Qxc3 44. Re2 Qxc4 45. Nf3 Kf8 46. f5 Qxd5 47. fxg6 fxg6 48. Kf2 g5 49. Nd2 Qd4+ 50. Kf1 f5 51. Nf3 Qf4 52. Kg2 Qg4+ 53. Kf2 Qf4 54.
Kg2 g4 55. Nh4 Qg5 56. Nxf5 Qxf5 57. Rf2 Qxf2+ 58. Kxf2 c4 59. Kg3 c3 60. Kxg4 c2 0-1

[Event "Early-Titled-Tuesday-Blitz-October-17-2023"]
[Site "Chess.com"]
[Date "2023.10.17"]
[Round "6"]
[White "LeoLV10"]
[Black "TigrVShlyape"]
[Result "0-1"]
[WhiteElo "2583"]
[BlackElo "2834"]
[TimeControl "180+1"]
[EndTime "9:12:06 PDT"]
[Termination "TigrVShlyape won by resignation"]

1. e4 e5 2. Nf3 Nc6 3. Bb5 a6 4. Ba4 g6 5. O-O Bg7 6. c3 Nge7 7. d4 b5 8. Bb3 exd4 9. cxd4 O-O 10. Nc3 d6 11. Bg5 h6 12. Bxe7 Nxe7 13. h3 c5 14. Bc2 cxd4 15. Nxd4 Qb6 16. Nf3 Bb7 17. Re1 Rac8 18.
Rc1 Rfd8 19. Bb3 b4 20. Na4 Rxc1 21. Qxc1 Qc6 22. Qf4 d5 23. Rc1 Qe8 24. e5 g5 25.
Qxb4 Ba8 26. Rc7 Nc6 27. Qb6 Nxe5 28. Nxe5 Bxe5 29. Rc1 Bf4 30. Rd1 Kg7 31. Qd4+ Be5 32. Qa7 Qc6 33. Qb6 Rc8 34. Qxc6 Bxc6 35. Nb6 Rb8 36. Nxd5 Bxb2 37. Ne7 Be4 38. f3 Bh7 39. g4 Rb7 40. Nd5 Be5 41. Ne3 Bg6 42. Kf2 h5 43.
Rd5 Bf4 44. gxh5 Bxh5 45. Nf5+ Kf6 46. Nd4 Bg6 47. Nc6 Rb5 48. Rxb5 axb5 49. a4 bxa4 50. Bxa4 Bf5 51. Nd4 Bxh3 52. Bb3 Bd7 53. Ne2 Bc7 54.
Bd5 Kg6 55. Be4+ f5 56. Bd3 Kf6 57. Bc2 Bb6+ 58. Kg2 Ke5 59. Ng3 Be3 60. Bd1 Bc6 61. Nf1 Bf4 62. Be2 g4 63. Ng3 gxf3+ 64. Bxf3 Bxf3+ 65. Kxf3 Bxg3 66. Kxg3 Ke4 67. Kg2 Ke3 68. Kg3 f4+ 69.
Kg2 Ke2 70. Kg1 f3 0-1

[Event "Early-Titled-Tuesday-Blitz-October-17-2023"]
[Site "Chess.com"]
[Date "2023.10.17"]
[Round "6"]
[White "Kildepiotr"]
[Black "m_ezat"]
[Result "0-1"]
[WhiteElo "2631"]
[BlackElo "2548"]
[TimeControl "180+1"]
[EndTime "9:12:07 PDT"]
[Termination "m_ezat won by resignation"]

1. Nf3 Nf6 2. g3 g6 3. Bg2 Bg7 4. O-O O-O 5. d4 d6 6. Nbd2 Nc6 7. e4 e5 8. dxe5 Nxe5 9. Nxe5 dxe5 10. Qe2 Qe7 11.
a4 a5 12. b3 Rd8 13. Bb2 b6 14. Rfd1 Ba6 15. Qe1 Nd7 16. Bf1 Bxf1 17. Kxf1 Nc5 18. Nc4 Qe6 19. f3 h5 20. Kg2 h4 21. Rxd8+ Rxd8 22. Qe2 h3+ 23. Kf1 f5 24. exf5 Qxf5 25. Re1 e4 26. Bxg7 Kxg7 27. Kg1 Qxf3 28. Qxf3 exf3 29.
Kf2 Kf6 30. Kxf3 Ne6 31. Kg4 Nd4 32. Rf1+ Kg7 33. Rf2 Rh8 34. Ne5 Nf5 35. Rd2 Kf6 36.
Nf3 Ne3+ 37. Kf4 Ng2+ 38. Ke4 Re8+ 39. Kd4 Ne3 40. Ng1 Nf5+ 41. Kc3 Re3+ 42. Kb2 Nxg3 43.
hxg3 Rxg3 44. Rf2+ Kg7 45. Ne2 Re3 46. Kc1 g5 47. Kd2 Re6 48. Nd4 Rd6 49. Ke3 Kg6 50. Rf8 Kg7 51. Rf3 g4 52. Rg3 Rg6 53. Kf2 Kf6 54. Nb5 Kg5 55. Nxc7 Kh4 56. Re3 Rf6+ 57. Kg1 g3 58. Re4+ Kg5 59. Nd5 h2+ 60. Kg2 Rf2+ 61.
Kxg3 h1=Q 62. Re5+ Kg6 63. Kxf2 Qh2+ 64. Kf3 Qxe5 65. Nf4+ Kf5 66. Nd3 Qc3 0-1

[Event "Early-Titled-Tuesday-Blitz-October-17-2023"]
[Site "Chess.com"]
[Date "2023.10.17"]
[Round "6"]
[White "HanSchut"]
[Black "ploxoi"]
[Result "1-0"]
[WhiteElo "2327"]
[BlackElo "2461"]
[TimeControl "180+1"]
[EndTime "9:12:07 PDT"]
[Termination "HanSchut won by checkmate"]

1. e4 c5 2. Nf3 e6 3. c4 Nc6 4.
Nc3 Nd4 5. Be2 g6 6. d3 Bg7 7. Nxd4 cxd4 8. Nb5 d6 9. Qa4 Kf8 10. Qa3 Ke7 11. Bd2 Nf6 12. Nxd6 Kd7 13. Nxf7 Qc7 14. Qa4+ Ke7 15. Nxh8 Bxh8 16. O-O Bd7 17. Qa3+ Kf7 18.
f4 Bc6 19. e5 Nd7 20. b4 b6 21.
Qb2 Bg7 22. Qxd4 Bf8 23. Qe3 Rd8 24. d4 Kg8 25. h4 Nb8 26. Bc3 Be8 27. h5 Nc6 28. a3 Ne7 29. Qh3 Nf5 30. hxg6 hxg6 31. Rad1 Qf7 32. g4 Ng7 33. f5 exf5 34. gxf5 Nxf5 35.
Bg4 Bd7 36. d5 Qh7 37. e6 Be8 38. Qxh7+ Kxh7 39. Bxf5 gxf5 40. Rxf5 Bg6 41. Rf3 Bh6 42. Rdf1 Be4 43. Rf7+ Kg6 44. R1f6+ Kh5 45. e7 Rg8+ 46.
Kf2 Rg2+ 47. Kf1 Rg4 48. Rxh6+ Kxh6 49. e8=Q Bd3+ 50. Kf2 Bg6 51. Rf6 Kg5 52. Rxg6+ Kh4 53. Rxg4+ Kxg4 54. Qg6+ Kf4 55. d6 b5 56. d7 bxc4 57.
d8=Q a5 58. Qd4# 1-0

[Event "Early-Titled-Tuesday-Blitz-October-17-2023"]
[Site "Chess.com"]
[Date "2023.10.17"]
[Round "6"]
[White "Deadmold"]
[Black "Balla_Tamas"]
[Result "0-1"]
[WhiteElo "2187"]
[BlackElo "2391"]
[TimeControl "180+1"]
[EndTime "9:12:07 PDT"]
[Termination "Balla_Tamas won on time"]

1. d4 d5 2. Nf3 Nf6 3. c4 e6 4.
Nc3 c5 5. e3 Nc6 6. a3 cxd4 7.
exd4 Be7 8. Bd3 dxc4 9. Bxc4 O-O 10. O-O b6 11. d5 exd5 12. Nxd5 Nxd5 13. Bxd5 Bb7 14.
Bf4 Bf6 15. Rc1 Rc8 16. b4 Qd7 17. b5 Na5 18. Bxb7 Qxb7 19. Qa4 h6 20. h3 Rfe8 21. Bd2 Rcd8 22. Bxa5 bxa5 23. Qxa5 Rd3 24. Rfe1 Red8 25. a4 R8d5 26. Qb4 Rxf3 27. gxf3 Rg5+ 28. Kf1 Qd7 29.
Re4 Qxh3+ 30. Ke2 Rf5 31. Qb3 Bg5 32. Rc8+ Kh7 33. Qd3 g6 34. Rd4 Rf6 35. Rcd8 Qe6+ 36. Re4 Qa2+ 37. Kf1 Qa1+ 38. Kg2 Rf5 39. Qd4 Qxd4 40.
Rdxd4 Bf6 41. Rd7 Rg5+ 42. Kf1 Kg7 43. Rxa7 h5 44. Rc4 h4 45. Rcc7 Be5 46. Rxf7+ Kg8 47. Rh7 Rf5 48. b6 Rxf3 49. b7 h3 50. Rh4 Rb3 51.
a5 h2 52. a6 Rb1+ 53. Ke2 h1=Q 54. Rxh1 Rxh1 55. Ra8+ Kg7 56. b8=Q Bxb8 57. Rxb8 Ra1 58. Rb6 Kf7 59. Kf3 g5 60. Kg4 Ra2 61. f3 Ra3 62. Kxg5 Rxf3 63. a7 Rg3+ 0-1

[Event "Early-Titled-Tuesday-Blitz-October-17-2023"]
[Site "Chess.com"]
[Date "2023.10.17"]
[Round "6"]
[White "JimDiGrease"]
[Black "scarabee43"]
[Result "1-0"]
[WhiteElo "2902"]
[BlackElo "2798"]
[TimeControl "180+1"]
[EndTime "9:12:08 PDT"]
[Termination "JimDiGrease won by resignation"]

1. d4 Nf6 2. c4 e6 3. Bf4 d5 4.
Nc3 Be7 5. e3 O-O 6. Nf3 b6 7.
cxd5 Nxd5 8. Bg3 Nxc3 9. bxc3 c5 10. Bd3 Bb7 11. O-O Nc6 12. Qe2 Rc8 13. Rfd1 cxd4 14. Be4 d3 15. Bxd3 Qe8 16. Bb5 Rd8 17. Nd4 Rd5 18.
c4 Rg5 19. Rac1 Qa8 20. Nf3 Rc5 21. Rd7 Rd8 22. Bxc6 Rxc6 23. Rxe7 Kf8 24. Rc7 Rxc7 25. Bxc7 Bxf3 26. Qxf3 Qxf3 27. gxf3 Rd2 28. a3 Ra2 29. Rc3 Ke7 30. Bb8 a6 31. Ba7 Rb2 32. c5 bxc5 33. Rxc5 Kd7 34. Ra5 Kc6 35. Rxa6+ Kb7 36.
Ra5 e5 37. Bc5 Kc6 38. Bf8 Rb8 39. Bb4 f6 40. Ra7 Rg8 41. h4 h5 42. Kg2 g5 43. Ra6+ Kb5 44. Rxf6 gxh4+ 45. Kh2 Rc8 46. Rf5 Rc2 47. Rxe5+ Ka4 48. f4 Rxf2+ 49. Kh3 Rf1 50.
Kxh4 Rh1+ 51. Kg3 h4+ 52. Kg2 Rb1 53. Rh5 Rb2+ 54. Kf3 Rh2 55. f5 h3 56. f6 Rh1 57. f7 Rf1+ 58. Ke2 Rxf7 59. Rxh3 Rg7 60. Rh4 Kb5 61. Rd4 Rg2+ 62. Kd3 Rg1 63. e4 Rg3+ 64. Kd2 Rg4 65. Ke3 Rg5 66. Rd5+ Rxd5 67. exd5 Kb6 68.
d6 Kc6 69. Kd4 Kd7 70. Kd5 1-0

[Event "Early-Titled-Tuesday-Blitz-October-17-2023"]
[Site "Chess.com"]
[Date "2023.10.17"]
[Round "6"]
[White "N4700000"]
[Black "krzyzan94"]
[Result "1-0"]
[WhiteElo "2519"]
[BlackElo "2788"]
[TimeControl "180+1"]
[EndTime "9:12:10 PDT"]
[Termination "N4700000 won by resignation"]

1. e4 c5 2. Nf3 d6 3. Bb5+ Bd7 4. c4 e5 5. O-O Nf6 6. Nc3 g6 7. d3 Bg7 8. Bg5 h6 9. Bxf6 Bxf6 10. Bxd7+ Qxd7 11. Nd5 Bg7 12. a3 O-O 13. b4 b6 14. a4 Nc6 15. a5 Nxb4 16. Nxb4 cxb4 17. Qb3 bxa5 18. Rxa5 Rfb8 19. Rfa1 Rb7 20. Nd2 h5 21. Qa2 b3 22.
Nxb3 Rab8 23. Ra3 Bf8 24. Qc2 Qg4 25. h3 Qf4 26. R1a2 g5 27. Nd2 g4 28. g3 Qf6 29. hxg4 hxg4 30. Rxa7 Bh6 31. Rxb7 Rxb7 32. Qd1 Bxd2 33. Qxg4+ Kh7 34. Rxd2 Rb1+ 35. Rd1 Rb2 36. Rf1 Rd2 37. Kg2 Qg6 38. Qf3 Kg7 39. Rh1 Qg5 40. Rh4 Kf8 41. Rg4 Qh6 42. c5 dxc5 43. Qf5 Qd6 44.
Qg5 Ke8 45. Qg8+ Qf8 46. Qh7 Qe7 47. Rg8+ Kd7 48. Qh8 Kc6 49. Rc8+ Kb5 50. Rb8+ Ka4 51. Qc8 Qa7 52. Ra8 Qxa8 53. Qxa8+ Kb4 54. Qd5 Rc2 55.
Qxe5 Rc3 56. Qd5 f6 57. f4 Rc2+ 58. Kf3 Rc3 59. e5 fxe5 60. fxe5 c4 61. Qxc4+ Rxc4 62. dxc4 Kxc4 63. e6 1-0

[Event "Early-Titled-Tuesday-Blitz-October-17-2023"]
[Site "Chess.com"]
[Date "2023.10.17"]
[Round "6"]
[White "Doomfist26"]
[Black "Cheer_Down"]
[Result "0-1"]
[WhiteElo "2618"]
[BlackElo "2526"]
[TimeControl "180+1"]
[EndTime "9:12:11 PDT"]
[Termination "Cheer_Down won by resignation"]

1. e4 e5 2. Nf3 Nc6 3. d4 exd4 4. c3 Nf6 5. e5 Nd5 6. Bc4 Nb6 7. Bb3 d5 8. exd6 Qxd6 9. O-O Be6 10.
Bxe6 fxe6 11. cxd4 O-O-O 12. Be3 e5 13. Nc3 exd4 14.
Nb5 Qb4 15. Nfxd4 Nxd4 16. Nxd4 Bc5 17. a3 Qa4 18. Qxa4 Nxa4 19. Ne6 Rd5 20. Rac1 Bd6 21. Rc2 Re8 22. Nd4 Bc5 23. Rd2 Bxd4 24. Rxd4 Rxd4 25. Bxd4 g6 26. b3 Nb6 27. f4 Re4 28. Be5 Nd7 29.
Bg7 Re7 30. Bc3 Re3 31. Rf3 Rxf3 32. gxf3 Nc5 33. b4 Nd3 34. Bd2 Kd7 35. Kf1 b5 36. Ke2 Nb2 37. Bc1 Nc4 38. Kd3 Ke6 39. Kd4 Kd6 40. h4 h5 41. a4 a6 42. a5 c6 43. Ke4 Ke6 44. Kd4 Kd6 45. f5 gxf5 46.
Bf4+ Kd7 47. Kc5 Nb2 48. Kb6 Nd3 49. Bd2 Ne5 50. Kxa6 Nxf3 51. Bf4 Nd4 52. Kb7 c5 53. a6 Nc6 54. bxc5 b4 55. a7 Nxa7 56. Kxa7 Kc6 57. Be3 b3 58. Bd4 f4 59. Ka6 f3 60. Ka5 b2 61.
Bxb2 f2 62. Kb4 f1=Q 0-1

[Event "Early-Titled-Tuesday-Blitz-October-17-2023"]
[Site "Chess.com"]
[Date "2023.10.17"]
[Round "6"]
[White "lolo9292"]
[Black "Mesa_1"]
[Result "1/2-1/2"]
[WhiteElo "2204"]
[BlackElo "2587"]
[TimeControl "180+1"]
[EndTime "9:12:13 PDT"]
[Termination "Game drawn by repetition"]

1. Nf3 Nf6 2. c4 g6 3. Nc3 Bg7 4. d4 O-O 5. g3 d6 6. Bg2 Nc6 7.
O-O e5 8. e4 exd4 9. Nxd4 Nxe4 10. Nxc6 Nxc3 11. bxc3 bxc6 12. Bxc6 Rb8 13. Qd3 Bf5 14. Qf3 Bd7 15. Bxd7 Qxd7 16. Bg5 Qe6 17. Qd5 Qxd5 18. cxd5 Bxc3 19. Rac1 Ba5 20. Bf6 Rb5 21.
Rfd1 Re8 22. Rc4 h6 23. Kg2 g5 24. h4 Kh7 25. hxg5 Kg6 26. f4 hxg5 27. fxg5 Re2+ 28.
Kf3 Rxa2 29. Rh4 Rb3+ 30. Kg4 Ra4+ 31. Bd4 f5+ 32. gxf6 Be1 33. Kh3 Rxg3+ 34. Kh2 Ra2+ 35. Kh1 Bf2 36. Bxf2 Rxf2 37. Rc1 Rxf6 38. Rxc7 Kg5 39. Rch7 Rg6 40. R4h5+ Kf4 41. Rxa7 Rg1+ 42. Kh2 R6g2+ 43. Kh3 Rh1+ 44. Kxg2 Rxh5 45. Ra5 Ke4 46. Kf2 Rxd5 47. Ra4+ Rd4 48. Ra6 d5 49. Ke1 Kd3 50. Rh6 Kc4 51. Ke2 Re4+ 52. Kd2 d4 53. Rh8 Rg4 54. Rc8+ Kd5 55.
Rd8+ Ke5 56. Rh8 Rg2+ 57. Kd3 Rg3+ 58. Kd2 Ke4 59. Rh4+ Kd5 60. Rh8 Rg2+ 61. Kd3 Rg3+ 62. Kd2 Rg4 63. Kd3 Rg3+ 64. Kd2 1/2-1/2

[Event "Early-Titled-Tuesday-Blitz-October-17-2023"]
[Site "Chess.com"]
[Date "2023.10.17"]
[Round "6"]
[White "Juicy_Fork"]
[Black "Ariadna_Atreides"]
[Result "0-1"]
[WhiteElo "2409"]
[BlackElo "2213"]
[TimeControl "180+1"]
[EndTime "9:12:13 PDT"]
[Termination "Ariadna_Atreides won by checkmate"]

1. e4 c6 2. d4 d5 3. f3 e6 4.
Nc3 Bb4 5. Bf4 Nf6 6. Qd3 Qb6 7. O-O-O dxe4 8. Nxe4 Nd5 9. Nd6+ Ke7 10. Nxc8+ Rxc8 11. Be5 Qa5 12. Kb1 Bd6 13. a3 Bxa3 14. Qxa3+ Qxa3 15. bxa3 Nc3+ 16. Kc1 Nxd1 17. Kxd1 f6 18. Bxb8 Raxb8 19. Bd3 Rd8 20. Ne2 c5 21. dxc5 Rbc8 22. Kd2 Rxc5 23.
Rb1 b6 24. Rb3 g6 25. Ke3 e5 26. a4 Ra5 27. Bb5 a6 28. Bc6 Rb8 29. c4 Kd6 30. Bd5 b5 31. axb5 axb5 32. Nc3 b4 33. Ne4+ Ke7 34.
Kd3 f5 35. Nd2 Ra3 36. g3 Kd6 37. h4 Kc5 38. f4 e4+ 39. Kc2 Rba8 40. Rxa3 Rxa3 41.
Nb3+ Kd6 42. Kb2 Ra7 43. Bg8 Re7 44. c5+ Kc7 45. Bc4 e3 46. Nd4 Kd7 47. Bb5+ Kc8 48.
Kc2 Re4 49. Kd3 b3 50. Nxb3 e2 51. Ba6+ Kc7 52. c6 e1=Q 53. Nd4 Qd1+ 54. Kc3 Qxd4+ 55. Kb3 Re3+ 56. Kc2 Qe4+ 57. Kc1 Qg2 58. Kb1 Rf3 59. Bf1 Rxf1# 0-1

[Event "Early-Titled-Tuesday-Blitz-October-17-2023"]
[Site "Chess.com"]
[Date "2023.10.17"]
[Round "6"]
[White "Sofia_Blokhin"]
[Black "Alenzer"]
[Result "1-0"]
[WhiteElo "2281"]
[BlackElo "2096"]
[TimeControl "180+1"]
[EndTime "9:12:17 PDT"]
[Termination "Sofia_Blokhin won by resignation"]

1. d4 d5 2. c4 dxc4 3. Nf3 a6 4. Nc3 Nf6 5. e3 e6 6. Bxc4 b5 7. Bd3 c5 8. O-O Nbd7 9. a4 b4 10. Ne2 Bb7 11. Ng3 Be7 12. Bd2 O-O 13. Rc1 Rc8 14.
Qe2 Nb6 15. b3 a5 16. Rfd1 Ne4 17. Nxe4 c4 18. bxc4 Nxa4 19. Bb1 Nb2 20. Re1 a4 21. Bxb4 Bxb4 22. Qxb2 Bxe1 23. Nxe1 Rb8 24. Qc2 Bxe4 25. Qxe4 g6 26. Bc2 a3 27. Ra1 Qa5 28. Qd3 a2 29.
Bb3 Rb4 30. Nc2 Rb7 31. Rxa2 Qc7 32. g3 Rfb8 33. Ra3 Qc6 34. e4 Kg7 35. d5 exd5 36. exd5 Qc5 37. Qd4+ Qxd4 38. Nxd4 Kf6 39. f4 h5 40. c5 Rb4 41. Nc6 Rxb3 42. Ra6 Rb1+ 43. Kf2 R8b2+ 44. Ke3 Kg7 45. d6 Rb3+ 46. Kd4 Rd1+ 47.
Kc4 Rb2 48. Ne5 Rc2+ 49. Kb5 Rb1+ 50. Kc6 Rbc1 51. Ra5 Rd2 52. d7 Rcd1 53. Kc7 h4 54. c6 hxg3 55. hxg3 Rd3 56. Nxd3 Rxd3 57. d8=Q Rxd8 58.
Kxd8 Kf6 59. c7 1-0

[Event "Early-Titled-Tuesday-Blitz-October-17-2023"]
[Site "Chess.com"]
[Date "2023.10.17"]
[Round "6"]
[White "atbenina64"]
[Black "JuniorJumper"]
[Result "0-1"]
[WhiteElo "2698"]
[BlackElo "2576"]
[TimeControl "180+1"]
[EndTime "9:12:18 PDT"]
[Termination "JuniorJumper won on time"]

1. Nf3 d5 2. g3 Bg4 3. Bg2 e6 4. O-O Nd7 5. h3 Bxf3 6. Bxf3 Ngf6 7. d3 Bd6 8. Nc3 O-O 9. e4 c6 10. Bg2 Qb6 11. Kh2 dxe4 12. Nxe4 Nxe4 13. Bxe4 Nf6 14. Bg2 Rad8 15. Qe2 Rfe8 16. a4 Nd5 17. a5 Qc7 18. c3 h6 19. Ra4 b5 20. axb6 axb6 21. Bd2 Ra8 22. Rg4 Nf6 23. Rc4 Nd5 24. Re1 Qd7 25. Rg4 Nf6 26. Rd4 Nd5 27. c4 Nf6 28. Bc3 Qc7 29.
b4 Ra3 30. Qb2 Rea8 31. Re2 Ra2 32. Qxa2 Rxa2 33. Rxa2 Be5 34. Ra8+ Kh7 35. Ra6 c5 36. bxc5 bxc5 37. Rc6 cxd4 38. Rxc7 dxc3 39. Rxf7 c2 40. d4 c1=Q 41. dxe5 Kg8 42. Re7 Nh7 43. Rxe6 Nf8 44. Rc6 Qe1 45. f4 Qe2 46. c5 Kf7 47. Rc7+ Kg6 48. c6 Ne6 49. Rd7 Qc2 50. Rd6 Kf7 51. h4 g5 52. hxg5 hxg5 53. f5 Ng7 54. Rd7+ Ke8 55. Rxg7 Qxf5 56. c7 Kf8 57.
Rd7 Qxd7 58. Bh3 Qxc7 0-1

[Event "Early-Titled-Tuesday-Blitz-October-17-2023"]
[Site "Chess.com"]
[Date "2023.10.17"]
[Round "6"]
[White "ProfessorChess101"]
[Black "RETURNOFTHELAGGER"]
[Result "1/2-1/2"]
[WhiteElo "2565"]
[BlackElo "2674"]
[TimeControl "180+1"]
[EndTime "9:12:18 PDT"]
[Termination "Game drawn by agreement"]

1. d4 Nf6 2. c4 g6 3. Nc3 d5 4. cxd5 Nxd5 5. Bd2 Bg7 6. e4 Nb6 7. Be3 O-O 8. Be2 Nc6 9. Nf3 Bg4 10. d5 Bxf3 11.
gxf3 Ne5 12. h4 c6 13. h5 cxd5 14. exd5 Nec4 15. hxg6 hxg6 16. Bxb6 Nxb2 17. Bxd8 Bxc3+ 18. Kf1 Nxd1 19. Bxe7 Bxa1 20. Bxf8 Nxf2 21. Kxf2 Bd4+ 22. Kg3 Rxf8 23. Rd1 Be5+ 24. Kg2 Rd8 25. Bc4 Kg7 26. Re1 Kf6 27. Rb1 b6 28. a4 Rd6 29. Rb5 Kg5 30.
a5 Kf4 31. axb6 axb6 32. Rb4 Bc3 33. Rb3 Bd4 34. Rb1 f5 35. Rb4 Bc5 36. Rb1 g5 37. Re1 Be3 38. Rb1 Rg6 39. Rb4 Bc5 40. Ra4 Ke5 41.
Ra1 g4 42. Re1+ Kd4 43. Ba2 b5 44. Re6 Rg7 45. Re1 gxf3+ 46. Kxf3 Bd6 47. Re6 Kc5 48.
Re1 Rg3+ 49. Kf2 Ra3 50. Re2 Bg3+ 51. Kg2 f4 52. Rc2+ Kd6 53. Rc6+ Ke5 54. Rc2 b4 55. Rb2 Be1 56. Re2+ Re3 57. Rxe3+ fxe3 58. Kf3 Bd2 59. Ke2 Kd6 60. Kd3 Bc1 61. Bb3 Bd2 62. Ba2 Bc1 1/2-1/2

[Event "Early-Titled-Tuesday-Blitz-October-17-2023"]
[Site "Chess.com"]
[Date "2023.10.17"]
[Round "6"]
[White "BeautiFullMindChess"]
[Black "Rosh1610"]
[Result "1-0"]
[WhiteElo "2283"]
[BlackElo "2430"]
[TimeControl "180+1"]
[EndTime "9:12:18 PDT"]
[Termination "BeautiFullMindChess won on time"]

1. e4 e5 2. Nf3 Nc6 3. d4 exd4 4. Nxd4 Bb4+ 5. c3 Bc5 6. Be3 Bb6 7. Nf5 g6 8. Bxb6 axb6 9. Ne3 Nge7 10. c4 O-O 11.
Be2 d6 12. O-O Be6 13. Nc3 f5 14. exf5 Nxf5 15. Nxf5 Bxf5 16. f4 Qf6 17. Bf3 Rae8 18.
Rc1 Nb4 19. Nd5 Nxd5 20. Bxd5+ Kh8 21. b3 c6 22. Bf3 Re6 23. Qd2 Rfe8 24. Rce1 Kg7 25.
Rxe6 Qxe6 26. g3 Kg8 27. Kf2 h5 28. a3 Kf7 29. Qc3 Qf6 30. Qxf6+ Kxf6 31. Rc1 Bd3 32. b4 b5 33. cxb5 Bxb5 34. Ra1 d5 35. a4 Bc4 36.
b5 cxb5 37. axb5 Re7 38. b6 Re6 39. Rb1 Rd6 40. Ke3 d4+ 41. Kd2 Bd5 42. Bxd5 Rxd5 43. Rb4 Rd6 44. Kd3 Kf5 45. Rb5+ Kg4 46. Rg5+ Kh3 47. f5 gxf5 48. Rxh5+ Kg2 49. Rxf5 Kxh2 50. g4 Kg3 51. g5 Kg4 52. Rb5 Kh5 53.
Rb4 Kxg5 54. Rxd4 Rxb6 55. Re4 Kf5 56. Re1 Rc6 57. Kd4 Re6 58. Rf1+ Kg6 59. Kc5 1-0

[Event "Early-Titled-Tuesday-Blitz-October-17-2023"]
[Site "Chess.com"]
[Date "2023.10.17"]
[Round "6"]
[White "Wizard_97"]
[Black "GMSrinath"]
[Result "0-1"]
[WhiteElo "2579"]
[BlackElo "2852"]
[TimeControl "180+1"]
[EndTime "9:12:20 PDT"]
[Termination "GMSrinath won on time"]

1. e4 c5 2. Nf3 d6 3. d4 cxd4 4. Nxd4 Nf6 5. Nc3 Nc6 6. Bg5 e6 7. Qd2 a6 8. O-O-O Be7 9. f4 Bd7 10. Qe3 Ng4 11. Qd2 Bxg5 12. Nxc6 Bxc6 13. fxg5 Qe7 14.
Qxd6 Qxg5+ 15. Qd2 Qxd2+ 16. Rxd2 Ke7 17. h3 Ne5 18.
Be2 h5 19. Re1 h4 20. Bf3 f6 21. Ne2 g5 22. Nd4 Rhd8 23. b3 Be8 24. Kb2 Rd6 25.
Red1 Rad8 26. c4 Bg6 27. Kc3 R6d7 28. a4 a5 29. Nb5 Rxd2 30. Rxd2 Rxd2 31. Kxd2 b6 32. Ke3 Nd7 33. Bd1 Nc5 34. Bc2 Be8 35. Nd4 Bd7 36. Nf3 e5 37. Ne1 Bc6 38. Nf3 Ne6 39.
Nh2 Nf4 40. Kf3 Ne6 41. Ke3 Nd4 42. Bd1 Kd6 43. Ng4 Ke6 44. Nh6 Be8 45. Bg4+ Kd6 46. Nf5+ Nxf5+ 47. Bxf5 Kc5 48. Kd3 Kb4 49. Kc2 Bc6 50.
Bg6 Bd7 51. Bh7 Be8 52. Bf5 Bh5 53. Bg4 Bg6 54. Bf3 f5 55. exf5 Bxf5+ 56. Kb2 e4 57.
Be2 e3 58. Ka2 Be4 59. Kb2 Bxg2 60. Bg4 Bxh3 0-1

[Event "Early-Titled-Tuesday-Blitz-October-17-2023"]
[Site "Chess.com"]
[Date "2023.10.17"]
[Round "6"]
[White "baki83"]
[Black "Tobias_Koelle"]
[Result "1-0"]
[WhiteElo "2842"]
[BlackElo "2950"]
[TimeControl "180+1"]
[EndTime "9:12:21 PDT"]
[Termination "baki83 won by resignation"]

1. e4 c5 2. Nf3 d6 3. Bb5+ Nc6 4. O-O Bd7 5. Re1 Nf6 6. c3 a6 7. Bc4 Bg4 8. h3 Bxf3 9. Qxf3 Ne5 10. Qe2 Nxc4 11.
Qxc4 e6 12. Qb3 b5 13. d3 Be7 14. a4 Rb8 15. axb5 axb5 16. Bf4 O-O 17. Nd2 Nd7 18. Ra7 b4 19. Qa4 Nb6 20. Qc6 bxc3 21. bxc3 Nc8 22. Rc7 Rb6 23. Qd7 Bf6 24. Nc4 Ra6 25. Qxd8 Rxd8 26. Rb1 e5 27. Be3 Ne7 28. Rd7 Rxd7 29. Rb8+ Nc8 30. Rxc8+ Rd8 31. Rc7 g6 32. g4 Kf8 33.
Bh6+ Ke8 34. Rb7 Raa8 35. Be3 Rab8 36. Ra7 Be7 37. Kg2 Rb3 38. Bd2 Rd7 39. Ra8+ Bd8 40.
Bg5 Rbb7 41. Bxd8 Ra7 42. Rxa7 Rxa7 43. Bb6 Ra6 44. Nxd6+ Kd7 45. Nc4 Ra1 46. Bxc5 f6 47. Be3 Ra2 48. g5 Ke6 49. gxf6 Kxf6 50. Bc5 Rc2 51. Bd6 Ke6 52. Bxe5 g5 53. Bd4 h5 54. Nb6 Ra2 55. Nd5 Kf7 56. Be3 Kg6 57. c4 Rc2 58.
c5 h4 59. d4 Kh5 60. Nb4 Rc4 61. Nd5 Kg6 62. Nb6 Rb4 63. d5 Kf6 64. c6 g4 65.
hxg4 h3+ 66. Kxh3 Rb1 67. g5+ Kg6 68. c7 Kh5 69. c8=Q Rc1 70. Qh8+ 1-0

[Event "Early-Titled-Tuesday-Blitz-October-17-2023"]
[Site "Chess.com"]
[Date "2023.10.17"]
[Round "6"]
[White "Kotofeyca"]
[Black "Dewarfd"]
[Result "0-1"]
[WhiteElo "2424"]
[BlackElo "2207"]
[TimeControl "180+1"]
[EndTime "9:12:21 PDT"]
[Termination "Dewarfd won on time"]

1. d4 Nf6 2. c4 e6 3. Nf3 d5 4. Nc3 c5 5. cxd5 Nxd5 6. g3 Nxc3 7. bxc3 cxd4 8. cxd4 Bb4+ 9. Bd2 Bxd2+ 10. Qxd2 O-O 11. Bg2 Nc6 12. O-O Bd7 13. Rfd1 Ne7 14. Ne5 Rb8 15. Rac1 f6 16. Nxd7 Qxd7 17. Rc5 Rfd8 18. e3 Qd6 19.
Rdc1 e5 20. Rc7 exd4 21. exd4 Nc6 22. Bxc6 bxc6 23. R1xc6 Rb1+ 24. Kg2 Qd5+ 25. f3 Qxd4 26. Qxd4 Rxd4 27. Rxa7 Rb2+ 28. Kh3 h5 29. Rcc7 Rdd2 30. Rxg7+ Kf8 31. Raf7+ Ke8 32. Re7+ Kf8 33. g4 Rxh2+ 34. Kg3 hxg4 35. Rgf7+ Kg8 36. fxg4 Rhg2+ 37. Kf4 Rxa2 38. Rg7+ Kf8 39. Ref7+ Ke8 40. Rb7 Kf8 41. Rh7 Rgf2+ 42. Kg3 Rg2+ 43. Kf4 Rgf2+ 44. Ke4 Rae2+ 45. Kd5 Rd2+ 46. Ke6 Rde2+ 47. Kd6 Rd2+ 48. Kc6 Rc2+ 49. Kd6 Rcd2+ 50. Kc7 Rc2+ 51. Kb8 Kg8 52. Rbg7+ Kf8 53. Rf7+ Kg8 54.
Rd7 Rb2+ 55. Kc8 Rfc2+ 56. Rc7 Rxc7+ 57. Rxc7 Rb4 58. Kd7 Kf7 59. Kd6+ Kg6 0-1

[Event "Early-Titled-Tuesday-Blitz-October-17-2023"]
[Site "Chess.com"]
[Date "2023.10.17"]
[Round "6"]
[White "CSB7"]
[Black "Karttunen"]
[Result "1/2-1/2"]
[WhiteElo "2739"]
[BlackElo "2577"]
[TimeControl "180+1"]
[EndTime "9:12:23 PDT"]
[Termination "Game drawn by repetition"]

1. c4 d6 2. Nc3 e5 3. g3 Nf6 4. Bg2 Nc6 5. Nf3 g6 6. d4 exd4 7. Nxd4 Nxd4 8. Qxd4 Bg7 9. Qe3+ Qe7 10. Qxe7+ Kxe7 11. b3 Re8 12. Bb2 Kf8 13. h3 a6 14.
O-O-O Rb8 15. e3 b5 16. Nd5 Nxd5 17. Bxg7+ Kxg7 18. cxd5 Re7 19. Kb2 Kf8 20. Rd4 Ke8 21. Rc1 Kd8 22. Kc3 a5 23. b4 a4 24. a3 Bd7 25. Kd2 f5 26. Rd3 Rb6 27. Rdc3 Rb7 28. Kd3 Ra7 29. Kd4 Rb7 30. h4 Bc8 31. Re1 Bd7 32.
Rc2 Be8 33. f4 h5 34. e4 fxe4 35. Rxe4 Rxe4+ 36. Bxe4 Ke7 37. Rf2 Rb8 38. f5 gxf5 39.
Rxf5 Bg6 40. Rg5 Bf7 41. Bd3 Kf6 42. Rf5+ Ke7 43. Be2 Rg8 44. Rg5 Rh8 45. Ke3 Kf6 46. Kf4 Re8 47. Bxb5 Re1 48. Bxa4 Ra1 49. Bc6 Rxa3 50. b5 Rb3 51. Rf5+ Kg6 52. Rg5+ Kf6 53. g4 Rb4+ 54. Kg3 Rb3+ 55. Kf2 Rb2+ 56. Ke3 Rb3+ 57. Kd2 hxg4 58. Rxg4 Rh3 59. Rf4+ Ke7 60. Re4+ Kf6 61. Rf4+ Ke7 62. Kc1 Bg6 63. Kb2 Bf7 64. Re4+ Kf6 65. Rf4+ Ke7 66. Kc2 Bg6+ 67. Kd2 Bf7 1/2-1/2